 Dungeon Crawl Stone Soup version 0.29-a0-40-g8eb35efe60 (webtiles) character file.

Game seed: 5183470336835656376

153 crazypyro the Skirmisher (level 5, -3/42 HPs)
             Began as a Demonspawn Fighter on Feb 1, 2022.
             Was a Plaything of Xom.
             Slain by a gnoll (5 damage)
             ... on level 2 of the Dungeon.
             The game lasted 00:01:52 (2130 turns).

crazypyro the Skirmisher (Demonspawn Fighter)       Turns: 2130, Time: 00:01:53

Health: -3/42      AC:  6    Str: 18    XL:     5   Next: 12%
Magic:  5/5        EV:  9    Int: 10    God:    Xom [..*...]
Gold:   26         SH:  4    Dex: 12    Spells: 4/4 levels left

rFire   . . .      SeeInvis .   a - +0 war axe
rCold   . . .      Faith    .   c - +0 buckler
rNeg    . . .      Spirit   .   b - +0 scale mail
rPois   .          Reflect  .   (no helmet)
rElec   .          Harm     .   (no cloak)
rCorr   .          Rampage  .   (no gloves)
Will    .....                   (no boots)
Stlth   ..........              (no amulet)
HPRegen 0.14/turn               (no ring)
MPRegen 0.09/turn               (no ring)

@: mighty
A: foul stench 1, weakness stinger 1
a: Renounce Religion


You were on level 2 of the Dungeon.
You worshipped Xom.
You were a toy of Xom.
You visited 1 branch of the dungeon, and saw 2 of its levels.

You collected 26 gold pieces.

Inventory:

Hand Weapons
 a - a +0 war axe (weapon)
Armour
 b - a +0 scale mail (worn)
 c - a +0 buckler (worn)
Scrolls
 e - a scroll of fog {unknown}
 f - 2 scrolls of teleportation {unknown}
 i - 2 scrolls of identify {unknown}
Potions
 g - a potion of degeneration {unknown}
 h - a potion of curing {unknown}
 j - 2 potions of berserk rage {unknown}


   Skills:
 - Level 4.0 Fighting
 * Level 3.8 Axes
 - Level 3.0 Armour
 - Level 3.0 Shields


You had 4 spell levels left.
You didn't know any spells.
Your spell library contained the following spells:

 Spells                   Type           Power      Damage    Failure   Level
 Shock                    Conj/Air       0%         1d3       83%         1


Dungeon Overview and Level Annotations

Branches:
Dungeon (2/15)

Altars:
Xom


Innate Abilities, Weirdness & Mutations

You may rarely emit foul miasma when damaged in melee.
You have a small tail.


Message History

No target in view! 2 gnolls come into view.
The gnoll shouts! x2; You hear a shout!
A gnoll comes into view. It is wielding a +0 spear.
There are monsters nearby!
The gnoll hits you with a +0 spear.
You barely miss the gnoll. The gnoll hits you with a +0 spear.
The gnoll barely misses you.
You hit the gnoll.
The gnoll is moderately wounded.
The gnoll hits you but does no damage.
The gnoll hits you from afar with a +0 halberd!
The gnoll hits you with a +0 spear. You block the gnoll's attack.
You barely miss the gnoll.
You tail-slap the gnoll, but do no damage.
The gnoll is moderately wounded.
You block the gnoll's attack.
The gnoll hits you from afar with a +0 halberd.
You hit the gnoll but do no damage.
The gnoll is moderately wounded.
The gnoll hits you with a +0 spear. The gnoll closely misses you.
You closely miss the gnoll.
The gnoll is moderately wounded.
The gnoll hits you but does no damage. The gnoll barely misses you.
The gnoll hits you but does no damage.
The gnoll hits you from afar with a +0 halberd!
* * * LOW HITPOINT WARNING * * *
Okay, then.
You feel very mighty all of a sudden. The gnoll hits you but does no damage.
The gnoll hits you from afar with a +0 halberd.
* * * LOW HITPOINT WARNING * * *
You are too injured to fight recklessly!
You slash the gnoll!
You kill the gnoll!
The gnoll hits you from afar with a +0 halberd!
* * * LOW HITPOINT WARNING * * *
The gnoll hits you from afar with a +0 spear.
You die...
Xom thinks this is hilarious!

#...†.##
##.##.#######
####.#.###.#...#
#......#.##.###
#.....#.###.#
#.....### #.#
#.....## ##.#
#.......##..####
#######........#
#g@#####.#
##.#...#.#
#g#..P#.#
#g#..P#.#
..#####.#
........#
.......##
#########


You could see 3 gnolls.

Vanquished Creatures
  An ogre (D:2)
  An adder (D:2)
  A gnoll (D:2)
  4 dart slugs
  8 ball pythons
  4 bats (D:1)
  4 endoplasms (D:1)
  A giant cockroach (D:1)
  6 goblins
  2 hobgoblins (D:2)
  A quokka (D:2)
  2 frilled lizards (D:1)
  4 kobolds
  3 rats (D:2)
42 creatures vanquished.

Vanquished Creatures (others)
  7 plants
7 creatures vanquished.

Grand Total: 49 creatures vanquished

Notes
Turn   | Place    | Note
-------+----------+-------------------------------------------
     0 | D:1      | crazypyro the Demonspawn Fighter began the quest for the
                  | Orb.
     0 | D:1      | Reached XP level 1. HP: 18/18 MP: 1/1
   227 | D:1      | Gained mutation: You have a small tail. [demonic ancestry]
   227 | D:1      | Reached XP level 2. HP: 17/24 MP: 2/2
   773 | D:1      | Found a faded altar of an unknown god.
   793 | D:1      | Got Plato's Handbook of Combat Magic
   843 | D:1      | Reached XP level 3. HP: 25/29 MP: 3/3
  1198 | D:2      | Noticed an ogre
  1202 | D:2      | Killed an ogre
  1203 | D:2      | Reached XP level 4. HP: 4/37 MP: 4/4
  1596 | D:2      | Reached skill level 4 in Fighting
  1860 | D:2      | Gained mutation: You may rarely emit foul miasma when
                  | damaged in melee. [demonic ancestry]
  1860 | D:2      | Reached XP level 5. HP: 42/42 MP: 5/5
  1868 | D:2      | Found a shimmering altar of Xom.
  1900 | D:2      | Became a worshipper of Xom of Chaos
  2093 | D:2      | XOM: divination: detect creatures
  2129 | D:2      | HP: 2/42 [gnoll (9)]
  2130 | D:2      | Slain by a gnoll

Illustrated notes

Levels and vault maps discovered:
D:1:      psy_arrival_dodecagon, layout_loops_ring,
          shapermc_ecumenical_altar_rom_forum, minmay_misc_feat_roman,
          minmay_hedge_maze
D:2:      cheibrodos_old_hovel, layout_loops_cross, basic_altar,
          serial_aquarium, aquarium_bridge_straight [aquarium_subvault_bridge,
          aquarium_subvault_wall, aquarium_subvault_bridge,
          aquarium_subvault_wall], aquarium_bridge_long_separate
          [aquarium_subvault_wall, aquarium_subvault_window,
          aquarium_subvault_bridge, aquarium_subvault_bridge,
          aquarium_subvault_balcony, aquarium_subvault_bridge],
          aquarium_window_1, aquarium_window_double, aquarium_window_corner,
          aquarium_view_2a, aquarium_pool_1, serial_bayou_lake_a

Skill      XL: |  1  2  3  4 |
---------------+-------------+-----
Axes           | 2 3 |  3.8
Shields        | 3 |  3.0
Armour         | 3 |  3.0
Fighting       | 4 |  4.0

Action                   |  1- 3 |  4- 6 || total
-------------------------+-------+-------++-------
Melee: War axe           |    77 |    37 ||   114
       Tailslap          |    10 |     3 ||    13
  Use: Potion            |       |     1 ||     1
Armor: Scale mail        |    49 |    14 ||    63
Dodge: Dodged            |    31 |    15 ||    46
Block: Buckler           |    25 |     8 ||    33

Table legend: (Time is in decaauts)
 A = Elapsed time spent in this place.
 B = Non-inter-level travel time spent in this place.
 C = Inter-level travel time spent in this place.
 D = Time resting spent in this place.
 E = Time spent auto-exploring this place.
 F = Levels seen in this place.
 G = Mean time per level.
                   A        B        C        D        E       F      G
               +--------+--------+--------+--------+--------+-----+--------+
         Total |   2183 |   2158 |     25 |      0 |   1840 |   2 | 1091.5 |
       Dungeon |   2183 |   2158 |     25 |      0 |   1840 |   2 | 1091.5 |
               +--------+--------+--------+--------+--------+-----+--------+

Top non-repeatable levels by time:
     D:1: 1205 daAuts
     D:2: 977 daAuts
